AoeStats
← Licrovan

Black Forest

510136533Analyzed
3v3 RM · 3d ago on Sep 29, 2026· 38m 54s· 6 players
Game mode
Random Map
Map size
Normal (6 player)
Population
200
Speed
Normal
Resources
Standard
Victory
Conquest
Starting age
Dark Age
Ending age
Imperial Age
RankedLock teamsTeams togetherTeam positionsShared explorationLock speedFull tech treeHidden civsTurbo modeCheats
Victory
Defeat
🇩🇪 Teutons · Germany
812
+18
🇲🇽 Saxons · Mexico
786
+19
🇺🇸 Bohemians · United States
774
+19
🇳🇱 Bohemians · Netherlands
1030
-26
🇳🇱 Portuguese · Netherlands
770
-29
🇳🇱 Spanish · Netherlands
770
-29
Sir Stinksalot
0:53 Loom
11:29 Feudal Age
11:56 Double-Bit Axe
15:17 Man-at-Arms
16:12 Horse Collar
18:24 Forging
18:17 Scale Mail Armor
20:30 Stone Mining
20:34 Gold Mining
24:27 Castle Age
33:10 Imperial Age
31:15 Heavy Plow
38:56 Bloodlines
39:29 Bow Saw
Whitespooky
6:13 Loom
14:44 Feudal Age
15:56 Double-Bit Axe
15:52 Horse Collar
17:05 Wheelbarrow
17:22 Wheelbarrow
17:10 Gold Mining
22:41 Castle Age
21:31 Scale Mail Armor
21:43 Forging
21:46 Fletching
21:57 Padded Archer Armor
23:15 Crossbowman
24:42 Thumb Ring
25:26 Chain Mail Armor
25:22 Forging
26:09 Gold Shaft Mining
25:35 Heavy Plow
25:49 Bow Saw
26:22 Squires
26:07 Gambesons
25:44 Pikeman
26:37 Squires
26:23 Gambesons
25:58 Pikeman
26:23 Arson
33:58 Treadmill Crane
38:20 Imperial Age
36:07 Hand Cart
40:03 Two-Man Saw
39:34 Crop Rotation
38:56 Stone Mining
isai.car.mtz
0:31 Loom
1:56 Loom
10:38 Feudal Age
16:09 Horse Collar
17:30 Double-Bit Axe
22:46 Castle Age
25:36 Bow Saw
25:27 Heavy Plow
26:59 Scale Barding Armor
28:48 Forging
28:59 Chain Barding Armor
28:30 Fletching
28:40 Padded Archer Armor
28:41 Scale Mail Armor
29:38 Wheelbarrow
28:49 Town Watch
29:09 Pikeman
29:51 Squires
31:56 Chemistry
30:57 Light Cavalry
37:35 Imperial Age
35:57 Husbandry
38:05 Hand Cart
37:47 Houfnice
ZeChaos
1:46 Loom
12:14 Feudal Age
12:52 Feudal Age
13:40 Horse Collar
18:01 Castle Age
16:22 Double-Bit Axe
16:38 Horse Collar
29:04 Bow Saw
28:56 Heavy Plow
33:23 Wheelbarrow
35:17 Wagenburg Tactics
37:34 Fletching
Licrovan
14:11 Feudal Age
12:30 Loom
19:03 Castle Age
29:24 Wheelbarrow
34:11 Elite Skirmisher
Ancrypto
14:45 Feudal Age
19:25 Horse Collar
23:33 Bloodlines
23:31 Padded Archer Armor
23:41 Scale Barding Armor
25:45 Castle Age
Connection lost

Rejoining the realm…

Still unreachable

The connection could not be restored.

Session expired

The server has moved on; the page needs a fresh start.